 Dungeon Crawl Stone Soup version 0.21.1-1-g345015f (webtiles) character file.

193 theblackcape the Charmwright (level 5, -1/41 HPs)
             Began as a Barachi Skald on June 14, 2018.
             Slain by a worker ant (4 damage)
             ... on level 3 of the Dungeon.
             The game lasted 00:17:06 (3943 turns).

theblackcape the Charmwright (Barachi Skald)        Turns: 3943, Time: 00:17:07

Health: -1/41      AC:  4    Str: 13    XL:     5   Next: 72%
Magic:  8/9        EV: 12    Int: 14    God:
Gold:   195        SH:  0    Dex: 11    Spells: 2/10 levels left

rFire    . . .     SeeInvis .   a - +0 hand axe
rCold    . . .     Gourm    .   (no shield)
rNeg     . . .     Faith    .   b - +0 leather armour
rPois    .         Spirit   .   (no helmet)
rElec    .         Reflect  .   (no cloak)
rCorr    .         Harm     +   u - +0 pair of gloves
MR       .....                  (no boots)
Stlth    +.........             s - amulet of harm
HPRegen  0.13/turn              (no ring)
MPRegen  0.11/turn              (no ring)

@: lethally poisoned (-1 -> -7), can't hop, slow
A: +LOS, swims, slowness 1, strong legs 1
a: Hop


You were on level 3 of the Dungeon.
You were hungry.

You visited 1 branch of the dungeon, and saw 4 of its levels.

You collected 195 gold pieces.

Inventory:

Hand Weapons
 a - a +0 hand axe (weapon)
Armour
 b - a +0 leather armour (worn)
 u - a +0 pair of gloves (worn)
Jewellery
 s - an amulet of harm (around neck)
Wands
 m - a wand of polymorph (16)
 v - a wand of disintegration (17)
Scrolls
 e - 6 scrolls of remove curse
 g - 2 scrolls of teleportation {unknown}
 h - 3 scrolls of identify
 j - a scroll of magic mapping {unknown}
 q - 2 scrolls of enchant armour {unknown}
Potions
 i - a potion of ambrosia {unknown}
 k - a potion of brilliance {unknown}
 l - a potion of berserk rage {unknown}
 n - a potion of degeneration {unknown}
 p - a potion of invisibility {unknown}
 r - a potion of lignification {unknown}
Books
 c - a book of Battle

   Spells                             Type                      Level
   a - Infusion                       Charms                       1
   b - Shroud of Golubria             Charms/Translocation         2
   c - Song of Slaying                Charms                       2
   d - Spectral Weapon                Hexes/Charms                 3
   e - Regeneration                   Charms/Necromancy            3
Comestibles
 d - 6 rations
 f - a chunk of flesh


   Skills:
 + Level 3.1 Fighting
 + Level 3.6 Axes
 + Level 2.1 Armour
 + Level 2.6 Dodging
 + Level 3.0 Spellcasting
 * Level 0.3 Hexes
 + Level 4.1 Charms
 - Level 2.0 Translocations


You had 2 spell levels left.
You knew the following spells:

 Your Spells              Type           Power        Failure   Level  Hunger
a - Infusion              Chrm           ##..         4%          1    #......
b - Shroud of Golubria    Chrm/Tloc      ##........   12%         2    ##.....
c - Song of Slaying       Chrm           ##......     8%          2    ##.....
d - Spectral Weapon       Hex/Chrm       #.......     32%         3    ###....


Dungeon Overview and Level Annotations

Branches:
Dungeon (4/15)
 Temple: D:4-7

Altars:


Innate Abilities, Weirdness & Mutations

Shadows flee at your approach. (+LOS)
You can swim through water.
You cover ground slowly.
You can hop short distances.


Message History

You feel sick. The worker ant barely misses you.
You feel sick.
There is a stone staircase leading up here.
The worker ant bites you.
* * * LOW HITPOINT WARNING * * *
You are more poisoned.
The worker ant poisons you! The worker ant bites you.
* * * LOW HITPOINT WARNING * * *
You climb upwards.
* * * LOW HITPOINT WARNING * * *
You feel sick.
There is a stone staircase leading down here.
Aiming: Disintegrate
Press: ? - help, Shift-Dir - straight line, f - worker ant
Aim: a worker ant (moderately wounded, chance to defeat MR: 73%)
The worker ant struggles to resist.
* * * LOW HITPOINT WARNING * * *
You feel sick. The worker ant bites you.
You die...

##### #..@# #..a# ######...#
#########
###........######.......# #
###...####..)....##.......###
#.(.######...###..........#..
#.###...##...# ####......(#.#
#.# #.#..#...# ####......#
#.# #.##.#...### #...#####.


You could see a worker ant.

Vanquished Creatures
  A crimson imp (D:3)
  An orc wizard (D:4)
  Natasha (D:4)
  3 adders
  An ooze (D:1)
  2 worms
  3 dart slugs (D:1)
  4 leopard geckos
  An orc (D:4)
  5 giant cockroaches
  5 goblins
  6 hobgoblins (D:1)
  3 jackals (D:1)
  5 kobolds
  2 quokkas
  2 ball pythons
  11 bats
  A frilled lizard (D:2)
  5 rats (D:3)
  2 plants (D:2)
64 creatures vanquished.

Notes
Turn   | Place    | Note
-------+----------+-------------------------------------------
     0 | D:1      | theblackcape the Barachi Skald began the quest for the Orb.
     0 | D:1      | Reached XP level 1. HP: 17/17 MP: 3/3
    75 | D:1      | Reached XP level 2. HP: 23/23 MP: 1/5
   500 | D:1      | Reached XP level 3. HP: 25/28 MP: 2/6
   510 | D:1      | Reached skill level 4 in Charms
   523 | D:1      | Learned a level 2 spell: Shroud of Golubria
   526 | D:1      | Learned a level 2 spell: Song of Slaying
  2238 | D:2      | Reached XP level 4. HP: 15/34 MP: 3/8
  2421 | D:2      | Reached skill level 1 in Translocations
  2757 | D:3      | Reached XP level 5. HP: 35/41 MP: 9/9
  3272 | D:4      | Noticed Natasha
  3283 | D:4      | Killed Natasha
  3591 | D:4      | HP: 2/41 [adder (1)]
  3880 | D:4      | Learned a level 3 spell: Spectral Weapon
  3943 | D:3      | Slain by a worker ant

Skill      XL: |  1  2  3  4  5 |
---------------+----------------+-----
Charms         | 4 |  4.1
Axes           | 3 |  3.6
Translocations | 1 2 |  2.0
Fighting       | 3 |  3.1
Armour         | 2 |  2.1
Spellcasting   | 3 |  3.0
Dodging        | |  2.6
Hexes          | |  0.3

Action                   |  1- 3 |  4- 6 || total
-------------------------+-------+-------++-------
Melee: Hand axe          |   225 |   115 ||   340
 Cast: Infusion          |    21 |     9 ||    30
       Song of Slaying   |     1 |       ||     1
       Shroud of Golubri |       |     5 ||     5
 Abil: Hop               |       |     2 ||     2
Evoke: Wand              |       |     2 ||     2
  Use: Scroll            |       |     1 ||     1
       Potion            |       |     2 ||     2
  Eat: Chunk             |     4 |     1 ||     5
       Ration            |     2 |       ||     2
Armor: Leather armour    |    26 |    41 ||    67
Dodge: Dodged            |    79 |   117 ||   196
